 Dungeon Crawl Stone Soup version 0.29-a0-330-g52719c12eb (webtiles) character file.

Game seed: 18080776410972831511

134 Alarak the Chopper (level 5, -25/39 (45) HPs)
             Began as a Hill Orc Monk on Apr 14, 2022.
             Was a Follower of Qazlal.
             Killed from afar by Ijyb (29 damage)
             ... with a bolt of acid
             ... on level 4 of the Dungeon.
             The game lasted 00:06:21 (3534 turns).

Alarak the Chopper (Hill Orc Monk)                  Turns: 3534, Time: 00:06:22

HP:   -25/39 (45)   AC:  9    Str: 16    XL:     5   Next: 17%
MP:   11/14         EV: 11    Int: 10    God:    Qazlal [*.....]
Gold: 160           SH:  7    Dex: 13    Spells: 4/4 levels left

rFire   . . .      SeeInvis .   a - +1 hand axe
rCold   . . .      Faith    .   (no shield)
rNeg    . . .      Spirit   .   o - +0 ring mail
rPois   .          Reflect  +   (no helmet)
rElec   .          Harm     .   l - +1 cloak
rCorr   .          Rampage  .   (no gloves)
Will    .....                   p - +1 pair of boots
Stlth   +.........              g - amulet of reflection
HPRegen 0.13/turn               v - ring of magical power
MPRegen 0.14/turn               (no ring)

@: heavily drained
A: no striking features
a: Renounce Religion


You were on level 4 of the Dungeon.
You worshipped Qazlal.
Qazlal was aware of your devotion.
You visited 2 branches of the dungeon, and saw 5 of its levels.

You collected 160 gold pieces.

Inventory:

Hand Weapons
 a - a +1 hand axe (weapon)
Armour
 b - a +0 robe
 e - a +0 leather armour
 l - a +1 cloak (worn)
 o - a +0 ring mail (worn)
 p - a +1 pair of boots (worn)
Jewellery
 g - an amulet of reflection (around neck)
 v - a ring of magical power (left hand)
Wands
 h - a wand of polymorph (5)
 n - a wand of flame (19)
Scrolls
 r - a scroll of fog {unknown}
 s - a scroll of vulnerability {unknown}
 u - 2 scrolls of identify
 w - a scroll of noise {unknown}
Potions
 c - a potion of ambrosia
 d - a potion of lignification
 f - a potion of berserk rage {unknown}
 i - a potion of might {unknown}
 j - 2 potions of mutation {unknown}
 k - a potion of invisibility {unknown}
 m - 2 potions of heal wounds {unknown}
 q - 2 potions of curing {unknown}
 t - a potion of attraction {unknown}


   Skills:
 - Level 3.6 Fighting
 + Level 7.5 Axes
 - Level 2.4 Dodging
 - Level 1.5 Stealth


You had 4 spell levels left.
You didn't know any spells.
Your spell library contained the following spells:

 Spells                   Type           Power      Damage    Failure   Level
 Sandblast                Erth           0%         2d4       58%         1
 Passwall                 Tmut/Erth      0%         N/A       73%         2
 Stone Arrow              Conj/Erth      0%         3d7       91%         3


Dungeon Overview and Level Annotations

Branches:
Dungeon (4/15)             Temple (1/1) D:4

Altars:
Ashenzari
Cheibriados
Dithmenos
Elyvilon
Fedhas
Gozag
Hepliaklqana
Kikubaaqudgha
Makhleb
Nemelex Xobeh
Okawaru
Qazlal
Ru
Sif Muna
Trog
Uskayaw
Vehumet
Wu Jian
Xom
Yredelemnul
The Shining One

Shops:
D:1 [   D:2 :   D:3 [

Annotations:
D:4 Ijyb


Message History

You open the door.
Ijyb the Twisted Goblin comes into view.
She is wielding a +2 dagger of draining and carrying a wand of acid (8).
Found 5 gold pieces and a ripped robe.
Ijyb is nearby!
There is an open door here.
You hit Ijyb.
Ijyb is moderately wounded.
Ijyb hits you with a +2 dagger of draining.
You feel drained.
You hit Ijyb but do no damage.
Ijyb is moderately wounded.
Ijyb zaps a wand.
The bolt of acid hits you!!
You hit Ijyb but do no damage.
Ijyb is moderately wounded.
Ijyb hits you but does no damage.
You feel drained.
You barely miss Ijyb.
Ijyb is moderately wounded.
Ijyb hits you but does no damage.
You feel drained.
You closely miss Ijyb.
Ijyb is moderately wounded.
Ijyb zaps a wand.
The bolt of acid hits you!!
* * * LOW HITPOINT WARNING * * *
You slash Ijyb!
Ijyb is severely wounded.
You block Ijyb's attack.
Aiming: Upheaval
Press: ? - help, Dir - move target Magma suddenly erupts from the ground!
You can no longer call upon nature to destroy your foes.
Ijyb hits you but does no damage.
You feel drained.
You hit Ijyb.
Ijyb is severely wounded.
Ijyb hits you but does no damage.
You feel drained.
You hit Ijyb.
Ijyb is almost dead.
You hit Ijyb.
Ijyb is almost dead.
Ijyb zaps a wand.
The bolt of acid hits you!!
Ouch! That really hurt!
You die...

#.# #.#.....##.# #.# #.####.###.#
#.# #+## #.###.###. #.#
#.[.###...>..... ##.#
##.....######.#### ######..#
##.......# #..##
####.......####.........####...##
...........(..'.§.$.....+.......#
####.###...####.@g......##.....##
#.###...# ##.○.....# #.......
#.##....# ##.....## #.....#.
#.##..### #...## ##...##. #.##..#
#+## ######. #.##..# #.# #.
#.....# #.# #. ####.## ##.## #.
#.# ###...###########.


You could see Ijyb.

Vanquished Creatures
  Robin (D:4)
  A gnoll (D:3)
  An adder (D:2)
  4 worms
  4 dart slugs
  An orc (D:2)
  4 bats
  6 endoplasms
  2 giant cockroaches
  13 goblins
  12 hobgoblins
  A kobold (D:3)
  A quokka (D:2)
  11 ball pythons
  17 frilled lizards
  5 rats
84 creatures vanquished.

Vanquished Creatures (others)
  3 fungi (D:2)
  8 plants (D:2)
11 creatures vanquished.

Grand Total: 95 creatures vanquished

Notes
Turn   | Place    | Note
-------+----------+-------------------------------------------
     0 | D:1      | Alarak the Hill Orc Monk began the quest for the Orb.
     0 | D:1      | Reached XP level 1. HP: 19/19 MP: 1/1
    26 | D:1      | Found Bomp's Antique Armour Shop.
   211 | D:1      | Reached XP level 2. HP: 26/26 MP: 2/2
   425 | D:1      | Reached skill level 5 in Axes
   734 | D:2      | Found Kelagha's Book Shop.
   868 | D:2      | Found a faded altar of an unknown god.
   873 | D:2      | Reached XP level 3. HP: 31/31 MP: 3/3
  1039 | D:2      | Reached skill level 6 in Axes
  1509 | D:2      | Reached XP level 4. HP: 28/39 MP: 4/4
  2107 | D:3      | Reached skill level 7 in Axes
  2281 | D:3      | Found Renorr's Armour Boutique.
  2885 | D:4      | Noticed Robin
  2892 | D:4      | Reached XP level 5. HP: 36/45 MP: 5/5
  2898 | D:4      | Killed Robin
  3077 | D:4      | Found a staircase to the Ecumenical Temple.
  3087 | Temple   | Entered the Ecumenical Temple
  3358 | Temple   | Became a worshipper of Qazlal Stormbringer
  3358 | Temple   | Reached * piety under Qazlal
  3358 | Temple   | Reached ** piety under Qazlal
  3521 | D:4      | Noticed Ijyb
  3534 | D:4      | Killed from afar by Ijyb

Illustrated notes

Levels and vault maps discovered:
D:1:      dpeg_arrival_shrine, layout_rooms, serial_shops, shop
D:2:      layout_loops_ring, serial_shops, shop,
          dreamdust_ecumenical_altar_grove, kennysheep_minor_cross,
          minmay_lizard_king
D:3:      layout_basic, serial_shops, nicolae_shop_crystal,
          minmay_three_crescents
D:4:      layout_loops_corners, minmay_temple_entry_trees, uniq_robin, uniq_ijyb
Temple:   nicolae_temple_the_god_donut

Skill      XL: |  1  2  3  4 |
---------------+-------------+-----
Axes           | 5 6 7 |  7.5
Fighting       | |  3.6
Dodging        | |  2.4
Stealth        | |  1.5

Action                   |  1- 3 |  4- 6 || total
-------------------------+-------+-------++-------
Melee: Hand axe          |   139 |   124 ||   263
       Punch             |     1 |       ||     1
Invok: Upheaval          |       |     1 ||     1
  Use: Scroll            |     3 |     3 ||     6
 Stab: Sleeping          |     2 |     2 ||     4
Armor: Leather armour    |    14 |       ||    14
       Ring mail         |    40 |    38 ||    78
Dodge: Dodged            |    73 |    48 ||   121
Block: Other             |       |     2 ||     2

Table legend: (Time is in decaauts)
 A = Elapsed time spent in this place.
 B = Non-inter-level travel time spent in this place.
 C = Inter-level travel time spent in this place.
 D = Time resting spent in this place.
 E = Time spent auto-exploring this place.
 F = Levels seen in this place.
 G = Mean time per level.
                   A        B        C        D        E       F      G
               +--------+--------+--------+--------+--------+-----+--------+
         Total |   3531 |   3347 |    184 |    692 |   2080 |   5 |  706.2 |
       Dungeon |   3229 |   3097 |    132 |    692 |   1853 |   4 |  807.2 |
        Temple |    302 |    250 |     52 |      0 |    227 |   1 |  302.0 |
               +--------+--------+--------+--------+--------+-----+--------+

Top non-repeatable levels by time:
     D:3: 1115 daAuts
     D:2: 1103 daAuts
     D:1: 614 daAuts
     D:4: 395 daAuts
  Temple: 302 daAuts
